 Dungeon Crawl Stone Soup version 0.26.1-11-gd32895ea62 (webtiles) character file.

Game seed: 17470949089507567605

133 nomophobia the Bolt Thrower (level 5, -3/32 HPs)
             Began as a Kobold Hunter on May 17, 2021.
             Was an Initiate of Wu Jian.
             Killed by divine providence
             ... invoked by an orc priest
              (12 damage)
             ... on level 4 of the Dungeon.
             The game lasted 00:40:40 (3168 turns).

nomophobia the Bolt Thrower (Kobold Hunter)         Turns: 3168, Time: 00:40:41

Health: -3/32      AC:  4    Str:  9    XL:     5   Next: 40%
Magic:  5/5        EV: 15    Int: 13    God:    Wu Jian [......]
Gold:   174        SH:  0    Dex: 16    Spells: 4/4 levels left

rFire    . . .     SeeInvis .   b - +0 short sword
rCold    . . .     Faith    .   (shield restricted)
rNeg     . . .     Spirit   .   c - +0 leather armour
rPois    .         Reflect  .   e - +0 helmet
rElec    .         Harm     .   (no cloak)
rCorr    .         Rampage  .   (no gloves)
Will     .....                  (no boots)
Stlth    +++.......             (no amulet)
HPRegen  0.10/turn              (no ring)
MPRegen  0.09/turn              (no ring)

@: no status effects
A: small, nightstalker 3
a: Renounce Religion


You were on level 4 of the Dungeon.
You worshipped Wu Jian.
Wu Jian was noncommittal.
You visited 1 branch of the dungeon, and saw 4 of its levels.

You collected 174 gold pieces.

Inventory:

Hand Weapons
 a - a +1 hand crossbow
 b - a +0 short sword (weapon)
Missiles
 d - 45 bolts
Armour
 c - a +0 leather armour (worn)
 e - a +0 helmet (worn)
Wands
 h - a wand of random effects (10)
 i - a wand of disintegration (10)
 k - a wand of flame (20) (quivered)
Scrolls
 j - 2 scrolls of teleportation
Potions
 g - 2 potions of lignification


   Skills:
 + Level 3.2 Fighting
 + Level 2.5 Short Blades
 + Level 5.4 Crossbows
 + Level 3.5 Dodging
 + Level 3.3 Stealth


You had 4 spell levels left.
You didn't know any spells.
Your spell library was empty.

Dungeon Overview and Level Annotations

Branches:
Dungeon (4/15)
 Temple: D:4-7

Altars:
Makhleb
Okawaru
Wu Jian


Innate Abilities, Weirdness & Mutations

You are small and have problems with some larger weapons.
You are completely attuned to the shadows.


Message History

You hit the orc priest.
The orc priest is almost dead.
The orc priest looks braver for a moment.
The orc wizard hits you but does no damage.
You hit the orc priest.
The orc priest is almost dead.
The orc priest hits you with a cursed -3 morningstar.
The orc wizard barely misses you.
You closely miss the orc priest.
The orc priest is almost dead.
The orc wizard gestures at you while chanting.
The magic dart hits you.
* * * LOW HITPOINT WARNING * * *
The orc priest miscasts a cantrip.
You completely miss the orc priest.
The orc priest is almost dead.
The orc wizard closely misses you.
The orc priest calls down the wrath of Beogh upon you.
Beogh smites you!
You die...

#.# #(# #.#
.#.########## #o##
............. #@o#
..........######.##
.#.#####.........#
..........########
>#.####...#
.#........#
.#######..#
.#<.......#
.########.#########


You could see an orc priest and an orc wizard.

Vanquished Creatures
  A scorpion (D:4)
  A gnoll (D:3)
  2 adders
  5 worms
  A dart slug (D:1)
  3 leopard geckos
  An orc (D:4)
  3 goblins
  4 hobgoblins
  A quokka (D:2)
  6 bats
  A frilled lizard (D:3)
  7 kobolds
  6 rats
42 creatures vanquished.

Vanquished Creatures (others)
  5 plants (D:1)
5 creatures vanquished.

Grand Total: 47 creatures vanquished

Notes
Turn   | Place    | Note
-------+----------+-------------------------------------------
     0 | D:1      | nomophobia the Kobold Hunter began the quest for the Orb.
     0 | D:1      | Reached XP level 1. HP: 12/12 MP: 1/1
   650 | D:1      | Reached XP level 2. HP: 18/18 MP: 2/2
  1023 | D:1      | Reached skill level 1 in Short Blades
  1023 | D:1      | Reached skill level 5 in Crossbows
  1329 | D:2      | Reached XP level 3. HP: 22/22 MP: 3/3
  1545 | D:2      | Found a burning altar of Makhleb.
  1677 | D:3      | HP: 1/22 [leopard gecko (1)]
  1982 | D:3      | Reached XP level 4. HP: 27/27 MP: 4/4
  2120 | D:3      | Found an ornate altar of the Wu Jian Council.
  2125 | D:3      | Became a worshipper of the Wu Jian Council
  2824 | D:3      | Found an iron altar of Okawaru.
  3129 | D:4      | Reached XP level 5. HP: 27/32 MP: 5/5
  3168 | D:4      | Killed from afar by an orc priest

Illustrated notes

Levels and vault maps discovered:
D:1:      dpeg_arrival_erosion, layout_loops_cross, serial_forest,
          infiniplex_forest_zigzag_1, infiniplex_forest_lined_3,
          infiniplex_forest_clump_curved, infiniplex_forest_clump_long,
          infiniplex_forest_lined_4_way, infiniplex_forest_straight_4,
          infiniplex_forest_clump_diagonal, infiniplex_forest_straight_5
D:2:      layout_basic, makhleb_grotto_becter, uniq_crazy_yiuf_cottage
D:3:      layout_loops_ring, nzn_wu_jian_council_hall, okawaru_ov_weapons_minmay
D:4:      layout_basic, chequers_temple_overflow_statue_of_worship,
          overflow_temple_1_default, old_standard_altar,
          lemuel_coloured_pillars_altar, serial_shops, shop

Skill      XL: |  1  2  3  4 |
---------------+-------------+-----
Short Blades   | 1 2 |  2.5
Crossbows      | 5 |  5.4
Stealth        | 2 3 |  3.3
Dodging        | 3 |  3.5
Fighting       | 3 |  3.2

Action                   |  1- 3 |  4- 6 || total
-------------------------+-------+-------++-------
Melee: Short sword       |   185 |    49 ||   234
 Fire: Hand crossbow     |    41 |    23 ||    64
Invok: Lunge             |       |     1 ||     1
Evoke: Wand              |       |     3 ||     3
  Use: Scroll            |     1 |     4 ||     5
 Stab: Sleeping          |     1 |       ||     1
Armor: Leather armour    |    15 |     6 ||    21
Dodge: Dodged            |    84 |    36 ||   120
